Canucks vs Panthers

Created - July 16, 2022 at 19:04

Goals
1 2 3 T
Canucks 0 3 1 4
Panthers 1 3 2 6
Shots
1 2 3 T
Canucks 7 18 6 31
Panthers 11 13 3 27

1st period

1. Panthers , Adam Larsson 1 (Jordan Eberle 3, Benoit Pouliot 2) at 8:46 (PP)

Penalties :
Derick Brassard (Van) for Hooking (Minor) at 8:10, Derick Brassard (Van) for Hooking (Minor) at 9:56, Byron Bitz (Flo) for High sticking (Minor) at 16:22, Fabian Brunnstrom (Van) for Hooking (Minor) at 19:05

2nd period

2. Panthers , Kasperi Kapanen 1 (Erik Gudbranson 1, Daultan Leveillé 2) at 8:59
3. Panthers , Matt Duchene 6 (Taylor Hall 7) at 9:13
4. Canucks , Simon Despres 1 (Fabian Brunnstrom 1, Maxim Talbot 3) at 12:28
5. Panthers , Jordan Eberle 3 (Matt Duchene 4) at 14:44
6. Canucks , Derick Brassard 2 (Alex Goligoski 4, Sam Gagner 6) at 16:03
7. Canucks , Derick Brassard 3 (Drew Doughty 8, Jonathan Quick) at 18:34 (PP)

Penalties :
Erik Gudbranson (Flo) for Hooking (Minor) at 9:37, Derick Brassard (Van) for Hooking (Minor) at 12:53, Taylor Hall (Flo) for Hooking (Minor) at 13:13, Dan Hamhuis (Flo) for Tripping (Minor) at 17:57

3rd period

8. Panthers , Jeremy Morin 1 (Erik Gudbranson 2, Oscar Klefbom 2) at 1:11
9. Canucks , Nick Palmieri 3 (Drew Doughty 9, Cody Eakin 3) at 6:48 (PP)
10. Panthers , Anze Kopitar 3 (Jordan Eberle 4) at 11:43

Penalties :
Matt Duchene (Flo) for High sticking (Minor) at 1:32, Byron Bitz (Flo) for High sticking (Minor) at 6:05, Taylor Hall (Flo) for Holding (Minor) at 8:59, Nick Bjugstad (Flo) for Hooking (Minor) at 11:56, Anze Kopitar (Flo) for Interference (Minor) at 16:26

Goalie Stats

Alexandar Georgiev (Van), 1 saves from 3 shots - (0.333), 5:45 minutes
Jonathan Quick (Van), 20 saves from 24 shots - (0.833), L, 2-3-1, 54:15 minutes
Petr Mrazek (Flo), 27 saves from 31 shots - (0.871), W, 4-2-0, 60:00 minutes

Players Stats for Canucks

Player Name              G  A  P  +/- PIM S  H  SB GA TA FO     MP     PP MP  PK MP  
------------------------------------------------------------------------------------
Alex Goligoski           0  1  1  -1  0   1  1  0  0  0  0/0    23:30   8:15   1:00 
Axel Holmstrom           0  0  0   0  0   0  0  0  0  0  0/0     2:44   0:28   0:22 
Cody Eakin               0  1  1   0  0   2  0  0  0  0  4/7    17:49   5:56   0:40 
Derick Brassard          2  0  2  -1  6   2  1  0  0  0  1/1    21:52   6:08   1:49 
Drew Doughty             0  2  2  -1  0   4  1  2  0  3  0/0    31:55   8:46   3:54 
Fabian Brunnstrom        0  1  1   0  2   2  1  0  0  0  0/0    11:58   0:00   0:47 
Garnet Hathaway          0  0  0  -1  0   0  0  0  1  0  0/0     4:56   0:12   0:00 
Jason Akeson             0  0  0   0  0   0  2  0  0  0  0/1    11:38   0:00   0:00 
Marcus Johansson         0  0  0   0  0   4  6  0  2  0  0/0    19:47   7:26   0:40 
Maxim Talbot             0  1  1   0  0   0  0  0  0  0  0/0    10:03   0:00   0:00 
Michael Kostka           0  0  0  -1  0   1  3  0  0  0  0/0    22:08   4:48   3:54 
Nick Palmieri            1  0  1   0  0   5  0  0  0  0  1/2    16:43   5:56   0:00 
Robert Nilsson           0  0  0  -3  0   4  5  0  0  3  27/58  28:01   7:10   3:45 
Sam Gagner               0  1  1  -2  0   4  3  0  0  0  0/0    23:48   7:26   1:45 
Simon Despres            1  0  1  -1  0   1  0  0  0  0  0/0     9:26   0:37   0:00 
Teemu Pulkkinen          0  0  0  -1  0   0  0  0  0  0  0/0     4:04   0:00   0:00 
Tomas Kundratek          0  0  0  -1  0   1  0  0  0  0  0/0     8:49   0:00   0:00 
Tyler Myers              0  0  0  -1  0   0  1  0  0  0  0/0    24:12   4:42   1:00 

Players Stats for Panthers

Player Name              G  A  P  +/- PIM S  H  SB GA TA FO     MP     PP MP  PK MP  
------------------------------------------------------------------------------------
Adam Larsson             1  0  1   0  0   2  1  2  1  0  0/0    24:29   1:13   8:44 
Anze Kopitar             1  0  1   1  2   3  0  0  0  0  13/20  19:30   1:48   6:54 
Benoit Pouliot           0  1  1   1  0   1  1  0  1  0  0/1    14:46   1:48   2:00 
Byron Bitz               0  0  0   0  4   1  1  0  0  0  0/0     7:20   0:00   0:00 
Dalton Prout             0  0  0   0  0   0  1  2  0  1  0/0    21:47   1:13   6:44 
Dan Hamhuis              0  0  0   0  2   1  0  0  0  0  0/0     7:30   0:00   0:00 
Dany Heatley             0  0  0   1  0   1  0  0  0  0  1/2     9:11   0:00   2:13 
Daultan Leveillé         0  1  1   1  0   1  3  0  0  1  0/1     7:35   0:00   1:10 
Erik Gudbranson          0  2  2   3  2   3  1  6  0  0  0/0    30:10   3:41   6:50 
Jeremy Morin             1  0  1   0  0   2  0  0  0  0  0/0     6:58   0:00   0:00 
Jordan Eberle            1  2  3   2  0   3  2  1  2  0  1/2    21:04   1:48   8:04 
Josh Gorges              0  0  0   0  0   0  0  0  0  0  0/0    12:04   0:00   4:42 
Kasperi Kapanen          1  0  1   1  0   1  0  0  0  0  0/0     6:25   0:00   0:00 
Matt Duchene             1  1  2   1  2   2  0  0  0  1  18/35  20:22   3:06   0:15 
Max Reinhart             0  0  0   0  0   0  0  2  0  0  2/3    10:38   0:00   3:39 
Nick Bjugstad            0  0  0   0  2   0  1  1  1  0  1/3    19:00   3:06   0:00 
Oscar Klefbom            0  1  1   3  0   1  0  6  0  0  0/0    23:59   3:41   0:08 
Taylor Hall              0  1  1   0  4   5  1  0  1  0  0/2    21:50   3:05   2:53 

3 Stars

1 - Jordan Eberle (Flo)
2 - Erik Gudbranson (Flo)
3 - Oscar Klefbom (Flo)

Power Play

Canucks - 2 on 9 Attempt(s) - 22.22%
Panthers - 1 on 4 Attempt(s) - 25.00%

Penalty Kill

Canucks - 3 on 4 Attempt(s) - 75.00% - Score 0 goal in Penalty Kill
Panthers - 7 on 9 Attempt(s) - 77.78% - Score 0 goal in Penalty Kill

Team Stat

Canucks - Hits : 24 - Faceoff Wins : 33 - Blocked Shots : 2 - Penalty Minutes : 8
Panthers - Hits : 12 - Faceoff Wins : 36 - Blocked Shots : 20 - Penalty Minutes : 18

Official

Referees : Graham Skilliter and Wes McCauley
Linesman : Kory Nagy and Mark Shewchyk

Game Notes

Alexandar Georgiev enters game at 8:59 of 2nd period
Jonathan Quick enters game at 14:44 of 2nd period

Finance

Level 1 -- Attendance: 6000 (100.00%) -- Ticket Income $600,000
Level 2 -- Attendance: 5000 (100.00%) -- Ticket Income $300,000
Level 3 -- Attendance: 2000 (100.00%) -- Ticket Income $70,000
Level 4 -- Attendance: 4000 (100.00%) -- Ticket Income $100,000
Luxury Box -- Attendance: 1000 (100.00%) -- Ticket Income $200,000
Game was played at the BBT Center.
Total Attendance: 18000 (100.00%)
Total Ticket Income: $1,270,000
Other Income: $190,500
Total Income: $1,460,500

Canucks

5 vs 5 Forward 
   Center                   Left Wing                Right Wing               Time % Phy DF OF 
 1 Robert Nilsson           Derick Brassard          Sam Gagner               62     0   2  3  
 2 Cody Eakin               Marcus Johansson         Nick Palmieri            26     1   2  2  
 3 Maxim Talbot             Fabian Brunnstrom        Jason Akeson             8      1   2  2  
 4 Robert Nilsson           Teemu Pulkkinen          Garnet Hathaway          4      1   2  2  

5 vs 5 Defense 
   Defense                  Defense                                           Time % Phy DF OF 
 1 Drew Doughty             Tyler Myers                                       62     1   2  2  
 2 Michael Kostka           Alex Goligoski                                    27     1   2  2  
 3 Tomas Kundratek          Simon Despres                                     7      1   2  2  
 4 Drew Doughty             Tyler Myers                                       4      1   2  2  

PowerPlay Forward 
   Center                   Left Wing                Right Wing               Time % Phy DF OF 
 1 Robert Nilsson           Marcus Johansson         Sam Gagner               75     0   0  5  
 2 Cody Eakin               Derick Brassard          Nick Palmieri            25     0   0  5  

PowerPlay Defense
   Defense                  Defense                                           Time % Phy DF OF 
 1 Drew Doughty             Alex Goligoski                                    78     0   0  5  
 2 Tyler Myers              Michael Kostka                                    22     0   0  5  

Penalty Kill 4 Players Forward 
   Center                   Wing                     Time % Phy DF OF 
 1 Robert Nilsson           Derick Brassard          60     1   2  2  
 2 Cody Eakin               Marcus Johansson         40     1   2  2  

Penalty Kill 4 Players Defense
   Defense                  Defense                  Time % Phy DF OF 
 1 Drew Doughty             Michael Kostka           60     1   2  2  
 2 Tyler Myers              Alex Goligoski           40     1   2  2  

Penalty Kill - 3 Players Forward 
   Forward                                           Time % Phy DF OF 
 1 Robert Nilsson                                    60     1   2  2  
 2 Derick Brassard                                   40     1   2  2  

Penalty Kill - 3 Players Defense
   Defense                  Defense                  Time % Phy DF OF 
 1 Drew Doughty             Michael Kostka           60     1   2  2  
 2 Tyler Myers              Alex Goligoski           40     1   2  2  

4 vs 4 Forward 
   Center                   Wing                     Time % Phy DF OF 
 1 Robert Nilsson           Derick Brassard          64     0   2  3  
 2 Cody Eakin               Marcus Johansson         36     1   2  2  

4 vs 4 Defense
   Defense                  Defense                  Time % Phy DF OF 
 1 Drew Doughty             Tyler Myers              60     1   2  2  
 2 Michael Kostka           Alex Goligoski           40     1   2  2  

Last Minutes Offensive
   Center                   Left Wing                Right Wing               Defense                  Defense                  
   Robert Nilsson           Derick Brassard          Sam Gagner               Drew Doughty             Alex Goligoski           

Last Minutes Defensive
   Center                   Left Wing                Right Wing               Defense                  Defense                  
   Robert Nilsson           Derick Brassard          Nick Palmieri            Drew Doughty             Michael Kostka           

Goaltenders
Starting : Jonathan Quick           
Backup : Alexandar Georgiev       

Extra Forwards
Normal : Sam Gagner, Marcus Johansson, Jason Akeson - PP : Sam Gagner, Marcus Johansson - PK : Sam Gagner
Extra Defensemen
Normal : Michael Kostka, Tomas Kundratek, Simon Despres - PP : Michael Kostka - PK : Michael Kostka, Tomas Kundratek
Penalty Shots
Derick Brassard, Marcus Johansson, Robert Nilsson, Nick Palmieri, Sam Gagner

Scratches
Gilbert Brule (Suspend), Pekka Rinne (Healthy)

Panthers

5 vs 5 Forward 
   Center                   Left Wing                Right Wing               Time % Phy DF OF 
 1 Matt Duchene             Taylor Hall              Nick Bjugstad            50     0   2  3  
 2 Anze Kopitar             Benoit Pouliot           Jordan Eberle            35     0   2  3  
 3 Max Reinhart             Jeremy Morin             Byron Bitz               10     1   2  2  
 4 Daultan Leveillé         Dany Heatley             Kasperi Kapanen          5      0   2  3  

5 vs 5 Defense 
   Defense                  Defense                                           Time % Phy DF OF 
 1 Erik Gudbranson          Oscar Klefbom                                     50     0   2  3  
 2 Adam Larsson             Dalton Prout                                      30     0   2  3  
 3 Josh Gorges              Dan Hamhuis                                       10     1   2  2  
 4 Erik Gudbranson          Oscar Klefbom                                     10     0   2  3  

PowerPlay Forward 
   Center                   Left Wing                Right Wing               Time % Phy DF OF 
 1 Matt Duchene             Taylor Hall              Nick Bjugstad            60     0   1  4  
 2 Anze Kopitar             Benoit Pouliot           Jordan Eberle            40     0   1  4  

PowerPlay Defense
   Defense                  Defense                                           Time % Phy DF OF 
 1 Erik Gudbranson          Oscar Klefbom                                     70     0   2  3  
 2 Adam Larsson             Dalton Prout                                      30     0   2  3  

Penalty Kill 4 Players Forward 
   Center                   Wing                     Time % Phy DF OF 
 1 Anze Kopitar             Jordan Eberle            60     0   5  0  
 2 Max Reinhart             Taylor Hall              40     0   5  0  

Penalty Kill 4 Players Defense
   Defense                  Defense                  Time % Phy DF OF 
 1 Erik Gudbranson          Adam Larsson             60     0   5  0  
 2 Dalton Prout             Josh Gorges              40     0   5  0  

Penalty Kill - 3 Players Forward 
   Forward                                           Time % Phy DF OF 
 1 Jordan Eberle                                     60     0   5  0  
 2 Anze Kopitar                                      40     0   5  0  

Penalty Kill - 3 Players Defense
   Defense                  Defense                  Time % Phy DF OF 
 1 Erik Gudbranson          Adam Larsson             60     0   5  0  
 2 Dalton Prout             Josh Gorges              40     0   5  0  

4 vs 4 Forward 
   Center                   Wing                     Time % Phy DF OF 
 1 Matt Duchene             Taylor Hall              60     0   2  3  
 2 Anze Kopitar             Jordan Eberle            40     0   2  3  

4 vs 4 Defense
   Defense                  Defense                  Time % Phy DF OF 
 1 Erik Gudbranson          Oscar Klefbom            60     0   2  3  
 2 Adam Larsson             Dalton Prout             40     1   2  2  

Last Minutes Offensive
   Center                   Left Wing                Right Wing               Defense                  Defense                  
   Matt Duchene             Taylor Hall              Jordan Eberle            Erik Gudbranson          Oscar Klefbom            

Last Minutes Defensive
   Center                   Left Wing                Right Wing               Defense                  Defense                  
   Anze Kopitar             Taylor Hall              Jordan Eberle            Erik Gudbranson          Adam Larsson             

Goaltenders
Starting : Petr Mrazek              
Backup : Tyler Weiman             

Extra Forwards
Normal : Jordan Eberle, Taylor Hall, Matt Duchene - PP : Anze Kopitar, Taylor Hall - PK : Dany Heatley
Extra Defensemen
Normal : Adam Larsson, Erik Gudbranson, Oscar Klefbom - PP : Josh Gorges - PK : Dalton Prout, Erik Gudbranson
Penalty Shots
Benoit Pouliot, Nick Bjugstad, Anze Kopitar, Taylor Hall, Jordan Eberle

Scratches
Andrej Sekera (Healthy), R.J. Umberger (Healthy)

% Time on Ice - Canucks

Lines # - Real PCT - Wanted PCT - Time Play
Normal Forward
1 - 36% - 62% - 14:15
2 - 29% - 26% - 11:31
3 - 25% - 8% - 10:03
4 - 10% - 4% - 4:04
Normal Defense
1 - 49% - 62% - 19:29
2 - 29% - 27% - 11:35
3 - 22% - 7% - 8:49
4 - 0% - 4% - 0:00
PP Forward
1 - 56% - 75% - 7:38
2 - 44% - 25% - 5:56
PP Defense
1 - 66% - 78% - 9:00
2 - 34% - 22% - 4:34
PK Forward
1 - 86% - 60% - 4:14
2 - 14% - 40% - 0:40
PK Defense
1 - 80% - 60% - 3:54
2 - 20% - 40% - 1:00
PK3 Forward
1 - 0% - 60%
2 - 0% - 40%
PK3 Defense
1 - 0% - 60%
2 - 0% - 40%
44 Forward
1 - 100% - 64% - 1:39
2 - 0% - 36% - 0:00
44 Defense
1 - 55% - 60% - 0:54
2 - 45% - 40% - 0:45
Last Minute Offensive  - 0:00
Last Minute Defensive  - 0:00
Total
Forward - 60:00
Defense - 60:00

% Time on Ice - Panthers

Lines # - Real PCT - Wanted PCT - Time Play
Normal Forward
1 - 41% - 50% - 16:20
2 - 25% - 35% - 10:10
3 - 17% - 10% - 6:58
4 - 16% - 5% - 6:25
Normal Defense
1 - 50% - 50% - 19:59
2 - 33% - 30% - 13:06
3 - 17% - 10% - 6:48
4 - 0% - 10% - 0:00
PP Forward
1 - 63% - 60% - 3:06
2 - 37% - 40% - 1:48
PP Defense
1 - 75% - 70% - 3:41
2 - 25% - 30% - 1:13
PK Forward
1 - 73% - 60% - 9:55
2 - 27% - 40% - 3:39
PK Defense
1 - 65% - 60% - 8:52
2 - 35% - 40% - 4:42
PK3 Forward
1 - 0% - 60%
2 - 0% - 40%
PK3 Defense
1 - 0% - 60%
2 - 0% - 40%
44 Forward
1 - 100% - 60% - 1:39
2 - 0% - 40% - 0:00
44 Defense
1 - 55% - 60% - 0:54
2 - 45% - 40% - 0:45
Last Minute Offensive  - 0:00
Last Minute Defensive  - 0:00
Total
Forward - 60:00
Defense - 60:00

Play-by-Play

1st period


0:01 of 1st period - Robert Nilsson wins face-off versus Matt Duchene in neutral zone.
0:06 of 1st period - Wrist shot by Robert Nilsson.
0:06 of 1st period - Stopped by Petr Mrazek without a rebound.
0:07 of 1st period - Matt Duchene wins face-off versus Robert Nilsson in Panthers zone.
0:07 of 1st period - Matt Duchene is hit by Robert Nilsson.
0:42 of 1st period - Slapshot by Sam Gagner.
0:42 of 1st period - Deflect By Robert Nilsson.
0:42 of 1st period - Shot Misses the Net.
0:42 of 1st period - Puck is out of play.
0:43 of 1st period - Anze Kopitar wins face-off versus Cody Eakin in Panthers zone.
3:22 of 1st period - Dany Heatley is hit by Jason Akeson and loses puck.
3:59 of 1st period - Snap shot by Max Reinhart.
3:59 of 1st period - Shot Misses the Net.
5:00 of 1st period - Drew Doughty is hit by Jordan Eberle and loses puck.
5:13 of 1st period - Wrist shot by Jordan Eberle.
5:13 of 1st period - Stopped by Jonathan Quick without a rebound.
5:14 of 1st period - Robert Nilsson wins face-off versus Matt Duchene in Canucks zone.
5:14 of 1st period - Robert Nilsson is hit by Taylor Hall.
7:13 of 1st period - Snap shot by Sam Gagner.
7:13 of 1st period - Shot Blocked by Max Reinhart.
7:15 of 1st period - Wrist shot by Robert Nilsson.
7:15 of 1st period - Stopped by Petr Mrazek without a rebound.
7:16 of 1st period - Max Reinhart wins face-off versus Robert Nilsson in Panthers zone.
7:41 of 1st period - Wrist shot by Sam Gagner.
7:41 of 1st period - Stopped by Petr Mrazek without a rebound.
7:42 of 1st period - Nick Palmieri wins face-off versus Matt Duchene in Panthers zone.
7:48 of 1st period - Off-side.
7:49 of 1st period - Cody Eakin wins face-off versus Nick Bjugstad in neutral zone.
8:01 of 1st period - Slapshot by Taylor Hall.
8:01 of 1st period - Stopped by Jonathan Quick without a rebound.
8:02 of 1st period - Matt Duchene wins face-off versus Robert Nilsson in Canucks zone.
8:03 of 1st period - Snap shot by Taylor Hall.
8:03 of 1st period - Stopped by Jonathan Quick with a rebound.
8:05 of 1st period - Snap shot by Erik Gudbranson.
8:05 of 1st period - Stopped by Jonathan Quick with a rebound.
8:07 of 1st period - Slapshot by Erik Gudbranson.
8:07 of 1st period - Stopped by Jonathan Quick without a rebound.
8:08 of 1st period - Derick Brassard wins face-off versus Matt Duchene in Canucks zone.
8:10 of 1st period - Minor Penalty to Derick Brassard for Hooking.
8:11 of 1st period - Matt Duchene wins face-off versus Robert Nilsson in Canucks zone.
8:37 of 1st period - Robert Nilsson is hit by Erik Gudbranson and loses puck.
8:42 of 1st period - Wrist shot by Jordan Eberle.
8:42 of 1st period - Shot Misses the Net.
8:44 of 1st period - Backhand shot by Adam Larsson.
8:44 of 1st period - Shot Misses the Net.
8:46 of 1st period - Slapshot by Adam Larsson.
8:46 of 1st period - Goal by Adam Larsson - Canucks : 0 - Panthers : 1.
8:47 of 1st period - Robert Nilsson wins face-off versus Matt Duchene in neutral zone.
9:10 of 1st period - Wrist shot by Oscar Klefbom.
9:10 of 1st period - Shot Misses the Net.
9:20 of 1st period - Anze Kopitar is hit by Marcus Johansson and loses puck.
9:39 of 1st period - Wrist shot by Maxim Talbot.
9:39 of 1st period - Shot Misses the Net.
9:45 of 1st period - Wrist shot by Dany Heatley.
9:45 of 1st period - Stopped by Jonathan Quick without a rebound.
9:46 of 1st period - Matt Duchene wins face-off versus Robert Nilsson in Canucks zone.
9:49 of 1st period - Snap shot by Taylor Hall.
9:49 of 1st period - Stopped by Jonathan Quick without a rebound.
9:50 of 1st period - Matt Duchene wins face-off versus Robert Nilsson in Canucks zone.
9:56 of 1st period - Minor Penalty to Derick Brassard for Hooking.
9:57 of 1st period - Matt Duchene wins face-off versus Robert Nilsson in Canucks zone.
10:23 of 1st period - Erik Gudbranson is hit by Michael Kostka and loses puck.
11:44 of 1st period - Jordan Eberle is hit by Michael Kostka and loses puck.
11:56 of 1st period - Penalty to Derick Brassard is over, Derick Brassard is back on ice.
12:05 of 1st period - Wrist shot by Daultan Leveillé.
12:05 of 1st period - Stopped by Jonathan Quick with a rebound.
12:17 of 1st period - Wrist shot by Daultan Leveillé.
12:17 of 1st period - Deflect By Kasperi Kapanen.
12:17 of 1st period - Shot Misses the Net.
12:17 of 1st period - Puck is out of play.
12:18 of 1st period - Max Reinhart wins face-off versus Nick Palmieri in Canucks zone.
12:27 of 1st period - Snap shot by Cody Eakin.
12:27 of 1st period - Stopped by Petr Mrazek with a rebound.
12:37 of 1st period - Marcus Johansson is hit by Byron Bitz and loses puck.
13:20 of 1st period - Off-side.
13:21 of 1st period - Robert Nilsson wins face-off versus Taylor Hall in neutral zone.
13:36 of 1st period - Snap shot by Matt Duchene.
13:36 of 1st period - Shot Blocked by Drew Doughty.
13:38 of 1st period - Slapshot by Dan Hamhuis.
13:38 of 1st period - Stopped by Jonathan Quick without a rebound.
13:39 of 1st period - Anze Kopitar wins face-off versus Robert Nilsson in Canucks zone.
15:24 of 1st period - Snap shot by Maxim Talbot.
15:24 of 1st period - Shot Misses the Net.
15:51 of 1st period - Snap shot by Sam Gagner.
15:51 of 1st period - Stopped by Petr Mrazek with a rebound.
16:03 of 1st period - Snap shot by Jeremy Morin.
16:03 of 1st period - Stopped by Jonathan Quick with a rebound.
16:11 of 1st period - Alex Goligoski is hit by Dalton Prout and loses puck.
16:22 of 1st period - Minor Penalty to Byron Bitz for High sticking.
16:23 of 1st period - Anze Kopitar wins face-off versus Robert Nilsson in Panthers zone.
16:32 of 1st period - Slapshot by Drew Doughty.
16:32 of 1st period - Shot Blocked by Dalton Prout.
17:56 of 1st period - Nick Palmieri is hit by Benoit Pouliot and loses puck.
18:21 of 1st period - Slapshot by Drew Doughty.
18:21 of 1st period - Stopped by Petr Mrazek without a rebound.
18:22 of 1st period - Penalty to Byron Bitz is over, Byron Bitz is back on ice.
18:22 of 1st period - Matt Duchene wins face-off versus Robert Nilsson in Panthers zone.
18:28 of 1st period - Wrist shot by Drew Doughty.
18:28 of 1st period - Stopped by Petr Mrazek with a rebound.
18:32 of 1st period - Slapshot by Alex Goligoski.
18:32 of 1st period - Shot Misses the Net.
19:05 of 1st period - Minor Penalty to Fabian Brunnstrom for Hooking.
19:06 of 1st period - Matt Duchene wins face-off versus Robert Nilsson in Canucks zone.
19:19 of 1st period - Wrist shot by Taylor Hall.
19:19 of 1st period - Shot Misses the Net.
Goals for this period are 0 for Canucks vs 1 for Panthers.
Shots for this period are 7 for Canucks vs 11 for Panthers.

2nd period


0:01 of 2nd period - Robert Nilsson wins face-off versus Matt Duchene in neutral zone.
0:04 of 2nd period - Matt Duchene is hit by Michael Kostka and loses puck.
0:13 of 2nd period - Slapshot by Erik Gudbranson.
0:13 of 2nd period - Stopped by Jonathan Quick without a rebound.
0:14 of 2nd period - Robert Nilsson wins face-off versus Matt Duchene in Canucks zone.
0:23 of 2nd period - Slapshot by Oscar Klefbom.
0:23 of 2nd period - Stopped by Jonathan Quick without a rebound.
0:24 of 2nd period - Matt Duchene wins face-off versus Robert Nilsson in Canucks zone.
0:29 of 2nd period - Backhand shot by Taylor Hall.
0:29 of 2nd period - Stopped by Jonathan Quick without a rebound.
0:30 of 2nd period - Robert Nilsson wins face-off versus Matt Duchene in Canucks zone.
0:41 of 2nd period - Wrist shot by Robert Nilsson.
0:41 of 2nd period - Shot Blocked by Oscar Klefbom.
0:43 of 2nd period - Slapshot by Drew Doughty.
0:43 of 2nd period - Shot Misses the Net.
0:45 of 2nd period - Slapshot by Robert Nilsson.
0:45 of 2nd period - Shot Blocked by Oscar Klefbom.
0:47 of 2nd period - Slapshot by Drew Doughty.
0:47 of 2nd period - Shot Blocked by Erik Gudbranson.
1:05 of 2nd period - Penalty to Fabian Brunnstrom is over, Fabian Brunnstrom is back on ice.
1:28 of 2nd period - Slapshot by Fabian Brunnstrom.
1:28 of 2nd period - Stopped by Petr Mrazek without a rebound.
1:29 of 2nd period - Matt Duchene wins face-off versus Robert Nilsson in Panthers zone.
1:46 of 2nd period - Nick Bjugstad is hit by Robert Nilsson and loses puck.
2:19 of 2nd period - Off-side.
2:20 of 2nd period - Robert Nilsson wins face-off versus Daultan Leveillé in neutral zone.
2:23 of 2nd period - Daultan Leveillé is hit by Robert Nilsson and loses puck.
3:18 of 2nd period - Snap shot by Matt Duchene.
3:18 of 2nd period - Shot Blocked by Drew Doughty.
3:30 of 2nd period - Slapshot by Marcus Johansson.
3:30 of 2nd period - Deflect By Cody Eakin.
3:30 of 2nd period - Shot Blocked by Oscar Klefbom.
3:30 of 2nd period - Puck is out of play.
3:31 of 2nd period - Anze Kopitar wins face-off versus Robert Nilsson in Panthers zone.
4:04 of 2nd period - Snap shot by Matt Duchene.
4:04 of 2nd period - Shot Misses the Net.
4:06 of 2nd period - Snap shot by Adam Larsson.
4:06 of 2nd period - Stopped by Jonathan Quick without a rebound.
4:07 of 2nd period - Anze Kopitar wins face-off versus Robert Nilsson in Canucks zone.
4:34 of 2nd period - Taylor Hall is hit by Marcus Johansson and loses puck.
5:23 of 2nd period - Oscar Klefbom is hit by Sam Gagner.
5:57 of 2nd period - Snap shot by Nick Palmieri.
5:57 of 2nd period - Stopped by Petr Mrazek without a rebound.
5:58 of 2nd period - Cody Eakin wins face-off versus Dany Heatley in Panthers zone.
6:01 of 2nd period - Wrist shot by Cody Eakin.
6:01 of 2nd period - Stopped by Petr Mrazek without a rebound.
6:02 of 2nd period - Matt Duchene wins face-off versus Cody Eakin in Panthers zone.
6:11 of 2nd period - Backhand shot by Taylor Hall.
6:11 of 2nd period - Shot Misses the Net.
6:19 of 2nd period - Snap shot by Marcus Johansson.
6:19 of 2nd period - Shot Blocked by Erik Gudbranson.
6:27 of 2nd period - Slapshot by Alex Goligoski.
6:27 of 2nd period - Shot Misses the Net.
6:29 of 2nd period - Snap shot by Nick Palmieri.
6:29 of 2nd period - Shot Blocked by Oscar Klefbom.
6:31 of 2nd period - Snap shot by Michael Kostka.
6:31 of 2nd period - Stopped by Petr Mrazek with a rebound.
6:33 of 2nd period - Slapshot by Alex Goligoski.
6:33 of 2nd period - Stopped by Petr Mrazek with a rebound.
6:37 of 2nd period - Wrist shot by Nick Palmieri.
6:37 of 2nd period - Shot Blocked by Nick Bjugstad.
6:39 of 2nd period - Slapshot by Marcus Johansson.
6:39 of 2nd period - Stopped by Petr Mrazek without a rebound.
6:40 of 2nd period - Robert Nilsson wins face-off versus Benoit Pouliot in Panthers zone.
6:52 of 2nd period - Snap shot by Anze Kopitar.
6:52 of 2nd period - Stopped by Jonathan Quick with a rebound.
6:54 of 2nd period - Slapshot by Dalton Prout.
6:54 of 2nd period - Deflect By Anze Kopitar.
6:54 of 2nd period - Stopped by Jonathan Quick with a rebound.
6:56 of 2nd period - Backhand shot by Benoit Pouliot.
6:56 of 2nd period - Stopped by Jonathan Quick without a rebound.
6:57 of 2nd period - Robert Nilsson wins face-off versus Nick Bjugstad in Canucks zone.
7:10 of 2nd period - Snap shot by Sam Gagner.
7:10 of 2nd period - Deflect By Erik Gudbranson.
7:10 of 2nd period - Stopped by Petr Mrazek with a rebound.
7:19 of 2nd period - Icing by Sam Gagner.
7:20 of 2nd period - Anze Kopitar wins face-off versus Cody Eakin in Canucks zone.
7:32 of 2nd period - Slapshot by Alex Goligoski.
7:32 of 2nd period - Shot Misses the Net.
7:36 of 2nd period - Snap shot by Nick Palmieri.
7:36 of 2nd period - Shot Misses the Net.
8:11 of 2nd period - Snap shot by Max Reinhart.
8:11 of 2nd period - Shot Misses the Net.
8:21 of 2nd period - Max Reinhart is hit by Jason Akeson and loses puck.
8:59 of 2nd period - Snap shot by Erik Gudbranson.
8:59 of 2nd period - Deflect By Kasperi Kapanen.
8:59 of 2nd period - Goal by Kasperi Kapanen - Canucks : 0 - Panthers : 2.
8:59 of 2nd period - Alexandar Georgiev enters game.
9:00 of 2nd period - Matt Duchene wins face-off versus Robert Nilsson in neutral zone.
9:05 of 2nd period - Wrist shot by Taylor Hall.
9:05 of 2nd period - Stopped by Alexandar Georgiev without a rebound.
9:06 of 2nd period - Matt Duchene wins face-off versus Robert Nilsson in Canucks zone.
9:13 of 2nd period - Snap shot by Matt Duchene.
9:13 of 2nd period - Goal by Matt Duchene - Canucks : 0 - Panthers : 3.
9:14 of 2nd period - Robert Nilsson wins face-off versus Matt Duchene in neutral zone.
9:37 of 2nd period - Minor Penalty to Erik Gudbranson for Hooking.
9:38 of 2nd period - Anze Kopitar wins face-off versus Robert Nilsson in Panthers zone.
10:13 of 2nd period - Icing by Derick Brassard.
10:14 of 2nd period - Cody Eakin wins face-off versus Max Reinhart in Canucks zone.
10:21 of 2nd period - Taylor Hall is hit by Robert Nilsson and loses puck.
10:26 of 2nd period - Slapshot by Marcus Johansson.
10:26 of 2nd period - Deflect By Sam Gagner.
10:26 of 2nd period - Shot Misses the Net.
10:26 of 2nd period - Puck is out of play.
10:27 of 2nd period - Robert Nilsson wins face-off versus Jordan Eberle in Panthers zone.
10:28 of 2nd period - Slapshot by Sam Gagner.
10:28 of 2nd period - Deflect By Robert Nilsson.
10:28 of 2nd period - Stopped by Petr Mrazek without a rebound.
10:29 of 2nd period - Robert Nilsson wins face-off versus Anze Kopitar in Panthers zone.
11:08 of 2nd period - Taylor Hall is hit by Robert Nilsson and loses puck.
11:37 of 2nd period - Penalty to Erik Gudbranson is over, Erik Gudbranson is back on ice.
12:03 of 2nd period - Drew Doughty is hit by Daultan Leveillé and loses puck.
12:26 of 2nd period - Snap shot by Fabian Brunnstrom.
12:26 of 2nd period - Shot Blocked by Oscar Klefbom.
12:28 of 2nd period - Slapshot by Simon Despres.
12:28 of 2nd period - Goal by Simon Despres - Canucks : 1 - Panthers : 3.
12:29 of 2nd period - Matt Duchene wins face-off versus Robert Nilsson in neutral zone.
12:35 of 2nd period - Icing by Dalton Prout.
12:36 of 2nd period - Robert Nilsson wins face-off versus Taylor Hall in Panthers zone.
12:41 of 2nd period - Snap shot by Sam Gagner.
12:41 of 2nd period - Stopped by Petr Mrazek with a rebound.
12:50 of 2nd period - Off-side.
12:51 of 2nd period - Robert Nilsson wins face-off versus Matt Duchene in neutral zone.
12:53 of 2nd period - Minor Penalty to Derick Brassard for Hooking.
12:54 of 2nd period - Robert Nilsson wins face-off versus Matt Duchene in Canucks zone.
13:13 of 2nd period - Minor Penalty to Taylor Hall for Hooking.
13:14 of 2nd period - Robert Nilsson wins face-off versus Matt Duchene in Panthers zone.
13:22 of 2nd period - Slapshot by Drew Doughty.
13:22 of 2nd period - Shot Blocked by Jordan Eberle.
13:24 of 2nd period - Wrist shot by Drew Doughty.
13:24 of 2nd period - Shot Misses the Net.
13:26 of 2nd period - Snap shot by Sam Gagner.
13:26 of 2nd period - Shot Misses the Net.
13:28 of 2nd period - Slapshot by Drew Doughty.
13:28 of 2nd period - Shot Misses the Net.
13:30 of 2nd period - Wrist shot by Robert Nilsson.
13:30 of 2nd period - Shot Misses the Net.
13:53 of 2nd period - Adam Larsson is hit by Alex Goligoski and loses puck.
14:24 of 2nd period - Wrist shot by Fabian Brunnstrom.
14:24 of 2nd period - Stopped by Petr Mrazek without a rebound.
14:25 of 2nd period - Jordan Eberle wins face-off versus Jason Akeson in Panthers zone.
14:30 of 2nd period - Snap shot by Drew Doughty.
14:30 of 2nd period - Shot Blocked by Adam Larsson.
14:32 of 2nd period - Slapshot by Drew Doughty.
14:32 of 2nd period - Stopped by Petr Mrazek without a rebound.
14:33 of 2nd period - Matt Duchene wins face-off versus Robert Nilsson in Panthers zone.
14:44 of 2nd period - Snap shot by Jordan Eberle.
14:44 of 2nd period - Goal by Jordan Eberle - Canucks : 1 - Panthers : 4.
14:44 of 2nd period - Jonathan Quick enters game.
14:45 of 2nd period - Robert Nilsson wins face-off versus Matt Duchene in neutral zone.
14:53 of 2nd period - Penalty to Derick Brassard is over, Derick Brassard is back on ice.
15:00 of 2nd period - Snap shot by Matt Duchene.
15:00 of 2nd period - Stopped by Jonathan Quick without a rebound.
15:01 of 2nd period - Anze Kopitar wins face-off versus Robert Nilsson in Canucks zone.
15:02 of 2nd period - Snap shot by Jordan Eberle.
15:02 of 2nd period - Stopped by Jonathan Quick with a rebound.
15:12 of 2nd period - Snap shot by Robert Nilsson.
15:12 of 2nd period - Stopped by Petr Mrazek without a rebound.
15:13 of 2nd period - Penalty to Taylor Hall is over, Taylor Hall is back on ice.
15:13 of 2nd period - Robert Nilsson wins face-off versus Matt Duchene in Panthers zone.
15:40 of 2nd period - Jordan Eberle is hit by Tyler Myers and loses puck.
15:49 of 2nd period - Snap shot by Nick Palmieri.
15:49 of 2nd period - Stopped by Petr Mrazek with a rebound.
15:51 of 2nd period - Snap shot by Nick Palmieri.
15:51 of 2nd period - Stopped by Petr Mrazek without a rebound.
15:52 of 2nd period - Robert Nilsson wins face-off versus Matt Duchene in Panthers zone.
16:03 of 2nd period - Slapshot by Derick Brassard.
16:03 of 2nd period - Goal by Derick Brassard - Canucks : 2 - Panthers : 4.
16:04 of 2nd period - Robert Nilsson wins face-off versus Matt Duchene in neutral zone.
16:11 of 2nd period - Oscar Klefbom is hit by Drew Doughty and loses puck.
16:20 of 2nd period - Wrist shot by Robert Nilsson.
16:20 of 2nd period - Shot Blocked by Erik Gudbranson.
17:57 of 2nd period - Minor Penalty to Dan Hamhuis for Tripping.
17:58 of 2nd period - Anze Kopitar wins face-off versus Robert Nilsson in Panthers zone.
17:58 of 2nd period - Anze Kopitar is hit by Marcus Johansson.
18:13 of 2nd period - Anze Kopitar is hit by Marcus Johansson and loses puck.
18:34 of 2nd period - Snap shot by Derick Brassard.
18:34 of 2nd period - Goal by Derick Brassard - Canucks : 3 - Panthers : 4.
18:35 of 2nd period - Robert Nilsson wins face-off versus Matt Duchene in neutral zone.
19:06 of 2nd period - Slapshot by Drew Doughty.
19:06 of 2nd period - Shot Blocked by Erik Gudbranson.
19:08 of 2nd period - Slapshot by Nick Palmieri.
19:08 of 2nd period - Stopped by Petr Mrazek without a rebound.
19:09 of 2nd period - Anze Kopitar wins face-off versus Robert Nilsson in Panthers zone.
Goals for this period are 3 for Canucks vs 3 for Panthers.
Shots for this period are 18 for Canucks vs 13 for Panthers.

3rd period


0:01 of 3rd period - Matt Duchene wins face-off versus Robert Nilsson in neutral zone.
0:34 of 3rd period - Wrist shot by Cody Eakin.
0:34 of 3rd period - Shot Blocked by Oscar Klefbom.
1:11 of 3rd period - Backhand shot by Jeremy Morin.
1:11 of 3rd period - Goal by Jeremy Morin - Canucks : 3 - Panthers : 5.
1:12 of 3rd period - Nick Bjugstad wins face-off versus Robert Nilsson in neutral zone.
1:25 of 3rd period - Snap shot by Derick Brassard.
1:25 of 3rd period - Shot Misses the Net.
1:32 of 3rd period - Minor Penalty to Matt Duchene for High sticking.
1:33 of 3rd period - Robert Nilsson wins face-off versus Anze Kopitar in Panthers zone.
1:37 of 3rd period - Snap shot by Marcus Johansson.
1:37 of 3rd period - Stopped by Petr Mrazek without a rebound.
1:38 of 3rd period - Robert Nilsson wins face-off versus Anze Kopitar in Panthers zone.
1:39 of 3rd period - Snap shot by Drew Doughty.
1:39 of 3rd period - Shot Misses the Net.
1:41 of 3rd period - Wrist shot by Marcus Johansson.
1:41 of 3rd period - Shot Misses the Net.
1:45 of 3rd period - Snap shot by Robert Nilsson.
1:45 of 3rd period - Shot Misses the Net.
1:47 of 3rd period - Slapshot by Robert Nilsson.
1:47 of 3rd period - Shot Blocked by Adam Larsson.
1:49 of 3rd period - Wrist shot by Alex Goligoski.
1:49 of 3rd period - Shot Blocked by Erik Gudbranson.
1:51 of 3rd period - Slapshot by Alex Goligoski.
1:51 of 3rd period - Shot Blocked by Erik Gudbranson.
1:53 of 3rd period - Snap shot by Marcus Johansson.
1:53 of 3rd period - Stopped by Petr Mrazek without a rebound.
1:54 of 3rd period - Robert Nilsson wins face-off versus Anze Kopitar in Panthers zone.
1:59 of 3rd period - Slapshot by Drew Doughty.
1:59 of 3rd period - Deflect By Anze Kopitar.
1:59 of 3rd period - Stopped by Petr Mrazek without a rebound.
2:00 of 3rd period - Anze Kopitar wins face-off versus Robert Nilsson in Panthers zone.
3:32 of 3rd period - Penalty to Matt Duchene is over, Matt Duchene is back on ice.
4:10 of 3rd period - Tomas Kundratek is hit by Nick Bjugstad and loses puck.
4:50 of 3rd period - Dalton Prout is hit by Sam Gagner and loses puck.
5:44 of 3rd period - Daultan Leveillé is hit by Fabian Brunnstrom and loses puck.
6:05 of 3rd period - Minor Penalty to Byron Bitz for High sticking.
6:06 of 3rd period - Robert Nilsson wins face-off versus Anze Kopitar in Panthers zone.
6:44 of 3rd period - Slapshot by Cody Eakin.
6:44 of 3rd period - Shot Blocked by Max Reinhart.
6:46 of 3rd period - Slapshot by Drew Doughty.
6:46 of 3rd period - Shot Misses the Net.
6:48 of 3rd period - Snap shot by Nick Palmieri.
6:48 of 3rd period - Goal by Nick Palmieri - Canucks : 4 - Panthers : 5.
6:49 of 3rd period - Matt Duchene wins face-off versus Robert Nilsson in neutral zone.
7:40 of 3rd period - Maxim Talbot is hit by Adam Larsson and loses puck.
7:47 of 3rd period - Snap shot by Byron Bitz.
7:47 of 3rd period - Stopped by Jonathan Quick with a rebound.
8:24 of 3rd period - Icing by Marcus Johansson.
8:25 of 3rd period - Cody Eakin wins face-off versus Anze Kopitar in Canucks zone.
8:25 of 3rd period - Cody Eakin is hit by Jordan Eberle.
8:43 of 3rd period - Slapshot by Taylor Hall.
8:43 of 3rd period - Shot Misses the Net.
8:59 of 3rd period - Minor Penalty to Taylor Hall for Holding.
9:00 of 3rd period - Robert Nilsson wins face-off versus Anze Kopitar in Panthers zone.
9:59 of 3rd period - Josh Gorges is hit by Marcus Johansson.
10:59 of 3rd period - Penalty to Taylor Hall is over, Taylor Hall is back on ice.
11:11 of 3rd period - Wrist shot by Fabian Brunnstrom.
11:11 of 3rd period - Shot Blocked by Dalton Prout.
11:13 of 3rd period - Slapshot by Tomas Kundratek.
11:13 of 3rd period - Deflect By Matt Duchene.
11:13 of 3rd period - Stopped by Petr Mrazek with a rebound.
11:39 of 3rd period - Icing by Simon Despres.
11:40 of 3rd period - Anze Kopitar wins face-off versus Robert Nilsson in Canucks zone.
11:43 of 3rd period - Slapshot by Anze Kopitar.
11:43 of 3rd period - Goal by Anze Kopitar - Canucks : 4 - Panthers : 6.
11:44 of 3rd period - Matt Duchene wins face-off versus Robert Nilsson in neutral zone.
11:56 of 3rd period - Minor Penalty to Nick Bjugstad for Hooking.
11:57 of 3rd period - Anze Kopitar wins face-off versus Robert Nilsson in Panthers zone.
12:09 of 3rd period - Wrist shot by Marcus Johansson.
12:09 of 3rd period - Stopped by Petr Mrazek with a rebound.
13:56 of 3rd period - Penalty to Nick Bjugstad is over, Nick Bjugstad is back on ice.
15:32 of 3rd period - Nick Palmieri is hit by Daultan Leveillé and loses puck.
16:04 of 3rd period - Oscar Klefbom is hit by Sam Gagner and loses puck.
16:26 of 3rd period - Minor Penalty to Anze Kopitar for Interference.
16:27 of 3rd period - Dany Heatley wins face-off versus Robert Nilsson in Panthers zone.
16:27 of 3rd period - Dany Heatley is hit by Marcus Johansson.
16:51 of 3rd period - Jordan Eberle is hit by Derick Brassard.
17:07 of 3rd period - Marcus Johansson is hit by Daultan Leveillé.
18:26 of 3rd period - Penalty to Anze Kopitar is over, Anze Kopitar is back on ice.
Goals for this period are 1 for Canucks vs 2 for Panthers.
Shots for this period are 6 for Canucks vs 3 for Panthers.